 Dungeon Crawl Stone Soup version 0.26-a0-812-g31a745ddcd (webtiles) character file.

Game seed: 6635907026711131593

37 kae the Insei (level 3, -1/20 HPs)
             Began as a Tengu Transmuter on Nov 23, 2020.
             Slain by a worm (12 damage)
             ... on level 2 of the Dungeon.
             The game lasted 00:00:35 (1477 turns).

kae the Insei (Tengu Transmuter)                    Turns: 1477, Time: 00:00:36

Health: -1/20      AC:  2    Str: 11    XL:     3   Next: 41%
Magic:  4/7        EV: 13    Int: 13    God:
Gold:   67         SH:  0    Dex: 14    Spells: 2/6 levels left

rFire    . . .     SeeInvis .     - Unarmed
rCold    . . .     Faith    .   (no shield)
rNeg     . . .     Spirit   .   a - +0 robe
rPois    .         Reflect  .   (helmet currently unavailable)
rElec    .         Harm     .   (no cloak)
rCorr    .         Rampage  .   (no gloves)
MR       .....                  (boots unavailable)
Stlth    +.........             (no amulet)
HPRegen  0.06/turn              (no ring)
MPRegen  0.10/turn              (no ring)

@: appendages (expiring)
A: beak, horns 2, talons 3
a: End Transformation


You were on level 2 of the Dungeon.
You had grown temporary horns.
You visited 1 branch of the dungeon, and saw 2 of its levels.

You collected 67 gold pieces.

Inventory:

Armour
 a - a +0 robe (worn)
Scrolls
 b - a scroll of fear {unknown}
 e - 2 scrolls of random uselessness {unknown}
 f - a scroll of identify {unknown}
 i - a scroll of teleportation {unknown}
Potions
 c - 2 potions of flight {unknown}
 d - a potion of curing {unknown}
 g - 2 potions of berserk rage {unknown}
 h - a potion of brilliance {unknown}
 j - 2 potions of might {unknown}


   Skills:
 + Level 1.3 Fighting
 + Level 0.6 Armour
 + Level 2.4 Dodging
 * Level 3.8 Unarmed Combat
 + Level 2.2 Spellcasting
 * Level 2.0 Transmutations


You had 2 spell levels left.
You knew the following spells:

 Your Spells              Type           Power        Failure   Level
a - Beastly Appendage     Tmut           #.....       11%         1
b - Spider Form           Tmut/Pois      #.........   43%         3

Your spell library contained the following spells:

 Spells                   Type           Power        Failure   Level
 Wereblood                Tmut           #.......     16%         2
 Ice Form                 Ice/Tmut       #.......     85%         4
 Blade Hands              Tmut           #.........   96%         5


Dungeon Overview and Level Annotations

Branches:
Dungeon (2/15)

Altars:


Innate Abilities, Weirdness & Mutations

You have a beak for a mouth.
You have claws for feet.
You have a pair of horns on your head.


Message History

A worm is nearby!
A worm is nearby!
Casting: Spider Form (potentially lethal; 43% risk of failure)
Confirm with . or Enter, or press ? or * to list all spells.
You grow a pair of large bovine horns.
Your transformation is almost over.
Found a stone staircase leading down.
The worm bites you!
You are too injured to fight recklessly!
You are too injured to fight recklessly!
You are too injured to fight recklessly!
You are too injured to fight recklessly!
You are too injured to fight recklessly!
You are too injured to fight recklessly!
You are too injured to fight recklessly!
You hit the worm.
The worm is moderately wounded.
The worm bites you!
Ouch! That really hurt!
You die...

#..........# #.
#..........# #.#
######..........#
...○#..(............#
..######............
...####..###.###.#.
#.##...## #.# .#.
#....†..###.# .#
#@.......#
#...w........#
.>.........(....#
.###.$........#...
..#...##.........
..................
.#...############
###.


You could see a worm.

Vanquished Creatures
  An ooze (D:1)
  2 worms (D:2)
  2 bats
  2 goblins (D:1)
  6 hobgoblins
  7 jackals (D:1)
  A frilled lizard (D:1)
  3 rats (D:1)
24 creatures vanquished.

Notes
Turn   | Place    | Note
-------+----------+-------------------------------------------
     0 | D:1      | kae the Tengu Transmuter began the quest for the Orb.
     0 | D:1      | Reached XP level 1. HP: 12/12 MP: 4/4
   243 | D:1      | Reached XP level 2. HP: 6/16 MP: 4/6
   954 | D:1      | Reached XP level 3. HP: 15/20 MP: 7/7
   972 | D:1      | Learned a level 3 spell: Spider Form
  1477 | D:2      | Slain by a worm

Illustrated notes

Levels and vault maps discovered:
D:1:      elethiomel_arrival_shortcut, layout_loops_ring, minmay_distorted
D:2:      layout_rooms, grunt_qazlal_clouds, minmay_lizard_king

Skill      XL: |  1  2  3 |
---------------+----------+-----
Transmutations | 2 |  2.0
Fighting       | |  1.3
Armour         | |  0.6
Dodging        | |  2.4
Unarmed Combat | |  3.8
Spellcasting   | |  2.2

Action                   || total
-------------------------++-------
Melee: Unarmed           ||    64
       Kick              ||    11
       Headbutt          ||     2
       Peck              ||     5
       Punch             ||     1
 Cast: Beastly Appendage ||    11
       Spider Form       ||     1
Armor: Robe              ||    10
Dodge: Dodged            ||    38

Table legend: (Time is in decaauts)
 A = Elapsed time spent in this place.
 B = Non-inter-level travel time spent in this place.
 C = Inter-level travel time spent in this place.
 D = Time resting spent in this place.
 E = Time spent auto-exploring this place.
 F = Levels seen in this place.
 G = Mean time per level.
                   A        B        C        D        E       F      G
               +--------+--------+--------+--------+--------+-----+--------+
         Total |   1473 |   1436 |     37 |      0 |   1293 |   2 |  736.5 |
       Dungeon |   1473 |   1436 |     37 |      0 |   1293 |   2 |  736.5 |
               +--------+--------+--------+--------+--------+-----+--------+

Top non-repeatable levels by time:
     D:1: 1398 daAuts
     D:2: 75 daAuts
